 Dungeon Crawl Stone Soup version 0.31-a0-506-g3d79149578 (webtiles) character file.

Game seed: 14149921194221881327

480 Ethylacetat the Sneak (level 7, -1/48 HPs)
             Began as an Octopode Gladiator on Aug 9, 2023.
             Slain by an orc
             ... wielding a +0 hand axe
              (5 damage)
             ... on level 5 of the Dungeon.
             The game lasted 00:04:30 (3623 turns).

Ethylacetat the Sneak (Octopode Gladiator)          Turns: 3623, Time: 00:04:30

Health: -1/48      AC:  1    Str: 13 (14) XL:     7   Next: 12%
Magic:  7/7        EV: 14    Int:  7 (10) God:
Gold:   208        SH:  0    Dex: 14 (15) Spells: 6/6 levels left

rFire   . . .        m - +2 trident (venom)
rCold   . . .        (no shield)
rNeg    . . .        b - +0 hat
rPois   .            (no amulet)
rElec   .            (no ring)
rCorr   .            (no ring)
SInv    .            (no ring)
Will    .....        (no ring)
Stlth   ++++         (no ring)
HPRegen 0.28/turn    (no ring)
MPRegen 0.10/turn    (no ring)
                     (no ring)

%: no passive effects
@: no status effects
A: almost no armour, amphibious, 8 rings, camouflage 1, gelatinous body 1,
(nimble swimmer 1), tentacles
a: no special abilities


You were on level 5 of the Dungeon.
You visited 1 branch of the dungeon, and saw 5 of its levels.

You collected 208 gold pieces.

Inventory:

Hand Weapons
 m - a +2 trident of venom (weapon)
 q - a +5 flail of protection
Missiles
 c - 3 throwing nets (quivered)
 d - a javelin
Armour
 b - a +0 hat (worn)
Wands
 l - a wand of flame (11)
 o - a wand of quicksilver (7)
 p - a wand of polymorph (6)
Scrolls
 a - a scroll of revelation {unknown}
 e - 7 scrolls of identify {unknown}
 f - a scroll of immolation {unknown}
 g - 2 scrolls of blinking {unknown}
 h - 3 scrolls of teleportation {unknown}
 k - 2 scrolls of vulnerability {unknown}
Potions
 i - 2 potions of curing
 j - 2 potions of haste {unknown}
 n - 2 potions of degeneration
 r - 2 potions of brilliance {unknown}
 s - 2 potions of lignification {unknown}


   Skills:
 + Level 4.0 Fighting
 - Level 3.7 Long Blades
 + Level 2.4 Polearms
 - Level 2.0 Throwing
 + Level 4.6 Dodging
 + Level 5.0 Stealth


You had 6 spell levels left.
You didn't know any spells.
Your spell library contained the following spells:

 Spells                   Type           Power      Damage    Failure   Level
 Sting                    Tmut/Pois      0%         1d3       43%         1
 Poisonous Vapours        Pois/Air       0%         N/A       56%         2
 Scorch                   Fire           0%         2d5       56%         2
 Dazzling Flash           Conj/Hex       0%         N/A       80%         3
 Volatile Blastmotes      Fire/Tloc      0%         2d10      80%         3
 Flame Wave               Conj/Fire      0%         2d4       99%         4
 Olgreb's Toxic Radiance  Pois           0%         N/A       99%         4
 Starburst                Conj/Fire      0%         6d3       100%        6
 Summon Cactus Giant      Summ           0%         N/A       100%        6
 Maxwell's Capacitive Co  Air            0%         ∞         100%        8


Dungeon Overview and Level Annotations

Branches:
Dungeon (5/15)
 Temple: D:4-7

Altars:
Vehumet

Shops:
D:3 [


Innate Abilities, Weirdness & Mutations

You cannot wear most types of armour.
You are amphibious.
You can wear up to eight rings at the same time.
Your skin changes colour to match your surroundings (Stealth+).
Your rubbery body absorbs attacks. (AC +1, EV +1)
((You are camouflaged when in or above water. (Stealth+)))
You have tentacles for arms and can constrict up to eight enemies at once.


Message History

Deactivating autopickup; reactivate with Ctrl-A.
The orc wizard closely misses you.
You puncture the orc wizard!
The orc wizard looks as sick as possible!
Your grab misses the orc wizard.
The orc wizard is heavily wounded.
The orc hits you with a +0 hand axe.
The orc wizard mumbles some strange words.
The orc wizard flickers and vanishes!
You closely miss something. You squeeze something.
Reactivating autopickup.
You feel a bit more experienced. The orc hits you with a +0 hand axe!
Your Stealth skill increases to level 5!
Deactivating autopickup; reactivate with Ctrl-A.
You closely miss something. The orc closely misses you. Something hits you.
The orc hits you with a +0 hand axe. Something hits you.
The orc barely misses you.
You hit something. The orc barely misses you. The orc completely misses you.
Something hits you.
You closely miss something. The orc closely misses you.
The orc hits you with a +0 hand axe. Something hits you.
You hit something. The orc hits you with a +0 hand axe!
* * * LOW HITPOINT WARNING * * *
The orc closely misses you. Something hits you.
* * * LOW HITPOINT WARNING * * *
You miss something. The orc hits you with a +0 hand axe.
* * * LOW HITPOINT WARNING * * *
The orc misses you. Something barely misses you.
It was a potion of curing.
You feel better. The orc hits you with a +0 hand axe.
* * * LOW HITPOINT WARNING * * *
The orc barely misses you. Something barely misses you.
It was a potion of degeneration.
There was something very wrong with that liquid.
You feel weakened.
You feel dopey.
You feel clumsy. The orc barely misses you. The orc closely misses you.
Something hits you but does no damage.
You barely miss something. The orc barely misses you.
The orc hits you with a +0 hand axe.
You die...

.........##....
######.#####.....##....
##................##....
#..........<......####..
#..................# #..
#.......<).........###..
#.......................
#.....oo...............[
#...?.{@........####....
##..............# #.#..
##.....#.....#.# #.#..
###########.#.# #.###
#...####.# #
#..##....###
#.....##....
#...###..### #.#.....##


You could see 2 orcs.

Vanquished Creatures
  Edmund (D:4)
  A scorpion (D:5)
  An iguana (D:5)
  Ijyb (D:3)
  An orc wizard (D:5)
  Robin (D:4)
  4 adders (D:2)
  9 gnolls
  A shadow imp (D:5)
  A white imp (D:5)
  2 worms
  A dart slug (D:3)
  7 orcs
  An endoplasm (D:4)
  2 giant cockroaches
  11 goblins
  4 hobgoblins
  3 jackals (D:4)
  10 kobolds
  6 quokkas
  10 ball pythons
  2 bats
  3 frilled lizards
  5 rats
88 creatures vanquished.

Notes
Turn   | Place    | Note
-------+----------+-------------------------------------------
     0 | D:1      | Ethylacetat the Octopode Gladiator began the quest for the
                  | Orb.
     0 | D:1      | Reached XP level 1. HP: 14/14 MP: 1/1
   196 | D:1      | Reached XP level 2. HP: 3/19 MP: 2/2
   275 | D:1      | Reached skill level 1 in Stealth
   647 | D:2      | Reached XP level 3. HP: 23/25 MP: 3/3
   824 | D:2      | Reached skill level 2 in Stealth
  1149 | D:2      | Reached XP level 4. HP: 27/30 MP: 4/4
  1477 | D:3      | Noticed Ijyb
  1487 | D:3      | Killed Ijyb
  1593 | D:3      | Reached skill level 3 in Stealth
  1602 | D:3      | Reached XP level 5. HP: 20/36 MP: 5/5
  1812 | D:3      | Found Cahecasu's Armour Emporium.
  2192 | D:3      | Found a radiant altar of Vehumet.
  2470 | D:4      | Reached skill level 1 in Polearms
  2628 | D:4      | Noticed Edmund
  2638 | D:4      | Killed Edmund
  2639 | D:4      | Reached skill level 4 in Stealth
  2639 | D:4      | Reached XP level 6. HP: 14/42 MP: 6/6
  2813 | D:4      | Noticed Robin
  2821 | D:4      | Killed Robin
  3277 | D:5      | Entered Level 5 of the Dungeon
  3456 | D:5      | Reached XP level 7. HP: 47/47 MP: 7/7
  3616 | D:5      | Reached skill level 5 in Stealth
  3620 | D:5      | HP: 2/48 [orc/+0 hand axe (6)]
  3623 | D:5      | Slain by an orc

Illustrated notes

Levels and vault maps discovered:
D:1:      heliophobic_arrival_henge, layout_rooms
D:2:      layout_basic
D:3:      layout_basic, mainiacjoe_overflow_alcove_1, serial_shops, shop,
          uniq_ijyb
D:4:      layout_cave_pools, minmay_statues_item, uniq_edmund, uniq_robin
D:5:      layout_rooms, ashenzari_conservatory_becter, nemelex_dance_club_becter

Skill      XL: |  1  2  3  4  5  6  7 |
---------------+----------------------+-----
Stealth        | 1 2 3 4 5 |  5.0
Fighting       | 3 4 |  4.0
Polearms       | 1 2 |  2.4
Dodging        | 4 |  4.6
Long Blades    | |  3.7
Throwing       | |  2.0

Action                     |  1- 3 |  4- 6 |  7- 9 || total
---------------------------+-------+-------+-------++-------
  Melee: Long sword        |    68 |    27 |       ||    95
         Constrict         |    12 |    24 |     1 ||    37
         Tentacles         |     7 |    18 |     2 ||    27
         Punch             |     1 |     1 |       ||     2
         Trident           |       |    84 |    13 ||    97
         Flail             |       |    10 |       ||    10
  Throw: Throwing net      |       |     1 |       ||     1
    Use: Potion            |     1 |       |     2 ||     3
   Stab: Sleeping          |     6 |    16 |       ||    22
         Held in net/web   |       |     1 |       ||     1
 Armour: Skin              |     6 |    17 |     1 ||    24
  Dodge: Dodged            |    59 |    77 |    15 ||   151

Table legend: (Time is in decaauts)
 A = Elapsed time spent in this place.
 B = Non-inter-level travel time spent in this place.
 C = Inter-level travel time spent in this place.
 D = Time resting spent in this place.
 E = Time spent auto-exploring this place.
 F = Levels seen in this place.
 G = Mean time per level.
                   A        B        C        D        E       F      G
               +--------+--------+--------+--------+--------+-----+--------+
         Total |   3670 |   3571 |     99 |      0 |   3031 |   5 |  734.0 |
       Dungeon |   3670 |   3571 |     99 |      0 |   3031 |   5 |  734.0 |
               +--------+--------+--------+--------+--------+-----+--------+

Top non-repeatable levels by time:
     D:3: 928 daAuts
     D:4: 898 daAuts
     D:2: 882 daAuts
     D:1: 608 daAuts
     D:5: 351 daAuts
